 Dungeon Crawl Stone Soup version 0.31-a0-60-g62046a28e0 (webtiles) character file.

Game seed: 16203451705921099892

1765893 Kenran the Formicid Barricade (level 27, 231/231 HPs)
             Began as a Formicid Fighter on May 21, 2023.
             Was the Champion of Wu Jian.
             Escaped with the Orb
             ... and 3 runes on May 22, 2023!
             The game lasted 02:15:00 (61500 turns).

Kenran the Formicid Barricade (Formicid Fighter)   Turns: 61500, Time: 02:15:00

Health: 231/231    AC: 56    Str: 29      XL:     27
Magic:  23/23      EV: 17    Int:  6 (8)  God:    Wu Jian [******]
Gold:   4107       SH: 27    Dex: 22 (23) Spells: 26/26 levels left

rFire   + . .        a - +8 trishula "Condemnation" {holy, anguish, *Noise Fly rN+}
rCold   + + .        j - +0 tower shield {rC+}
rNeg    + . .        R - +13 crystal plate armour
rPois   +            (helmet unavailable)
rElec   +            Q - +1 cloak {Will+}
rCorr   +            Y - +1 pair of gloves "Nuipant" {-Tele rC++ Str+4}
SInv    +            l - +3 pair of seven-league boots {Rampage+∞}
Will    ++++.        H - amulet of regeneration Stlth
                     u - ring "Evoefar" {rPois rCorr Int-5 Stlth+}
HPRegen 1.38/turn    y - ring of Seucie Vypt {+Blink rElec rF+ rC- AC+4 Int+3}
MPRegen 0.18/turn

%: rampage+∞
@: flying
A: permanent stasis, dig shafts and tunnels, antennae 3, four strong arms, agile
1, strong-willed 1, wild magic 1
0: Orb of Zot
}: 3/15 runes: barnacled, silver, gossamer
a: Dig, Shaft Self, Renounce Religion, Wall Jump, Serpent's Lash, Heavenly Storm


You escaped.
You worshipped Wu Jian.
Wu Jian was exalted by your worship.
You visited 10 branches of the dungeon, and saw 48 of its levels.
You visited the Abyss 1 time.
You also visited: Sewer.

You collected 9159 gold pieces.
You spent 5052 gold pieces at shops.

Inventory:

Hand Weapons
 a - the +8 trishula "Condemnation" (weapon) {holy, anguish, *Noise Fly rN+}
   (You found it on level 4 of the Dungeon)

   rN:        It protects you from negative energy.
   Fly:       It grants you flight.
   *Noise:    It may make noises in combat.
 b - a +6 antimagic bardiche
 i - the +8 demon trident "Rift" {distort, reach+}
   (You found it on level 5 of the Vaults)
 m - a +7 bardiche of freezing
Missiles
 S - a throwing net
Armour
 j - a +0 tower shield of cold resistance (worn)
 l - the +3 pair of seven-league boots (worn) {Rampage+∞}
   (You found it on level 5 of the Vaults)

   Rampage+∞: When moving toward enemies, its wearer moves as far as possible,
   alerting their target en route.
 Q - a +1 cloak of willpower (worn)
 R - a +13 crystal plate armour (worn)
 X - the +9 plate armour "Ruiskyen" {Drain rPois rF+++ Slay+3}
   (You found it on level 5 of the Vaults)

   Slay:      It affects your accuracy & damage with ranged weapons and melee
   (+3).
   rF:        It renders you almost immune to fire.
   rPois:     It protects you from poison.
   Drain:     It drains your maximum health when unequipped.
 Y - the +1 pair of gloves "Nuipant" (worn) {-Tele rC++ Str+4}
   (You found it on level 1 of the Depths)

   Str:       It affects your strength (+4).
   rC:        It greatly protects you from cold.
   -Tele:     It prevents most forms of teleportation.
Jewellery
 u - the ring "Evoefar" (left hand) {rPois rCorr Int-5 Stlth+}
   (You found it on level 10 of the Dungeon)

   [ring of poison resistance]

   Int:       It affects your intelligence (-5).
   rPois:     It protects you from poison.
   rCorr:     It protects you from acid and corrosion.
   Stlth:     It makes you more stealthy.
 y - the ring of Seucie Vypt (right hand) {+Blink rElec rF+ rC- AC+4 Int+3}
   (You took it off a deep elf elementalist on level 3 of the Elven Halls)

   [ring of protection]

   AC:        It affects your AC (+4).
   Int:       It affects your intelligence (+3).
   rF:        It protects you from fire.
   rC:        It makes you vulnerable to cold.
   rElec:     It insulates you from electricity.
   +Blink:    It lets you blink.
 H - an amulet of regeneration (around neck)
 O - a +4 ring of slaying
 Z - the ring "Kookaliu" {rPois rF+ rN+ Int+3}
   (You took it off a necromancer on level 5 of the Vaults)

   [ring of positive energy]

   Int:       It affects your intelligence (+3).
   rF:        It protects you from fire.
   rPois:     It protects you from poison.
   rN:        It protects you from negative energy.
Wands
 d - a wand of polymorph (27)
 q - a wand of quicksilver (43)
 w - a wand of digging (40)
 B - a wand of iceblast (33)
 C - a wand of flame (47)
 D - a wand of paralysis (87)
 I - a wand of mindburst (49)
Scrolls
 c - 3 scrolls of enchant weapon
 e - 13 scrolls of immolation {!r}
 f - a scroll of butterflies
 g - 7 scrolls of brand weapon
 p - 9 scrolls of fog
 x - 3 scrolls of magic mapping
 E - 2 scrolls of silence
 G - 8 scrolls of fear
 J - 22 scrolls of identify {@r1}
 P - 6 scrolls of poison {!r}
Potions
 h - 15 potions of curing {@q1}
 k - 7 potions of magic
 n - 6 potions of attraction {!q}
 o - 10 potions of ambrosia
 r - 10 potions of lignification {!q}
 s - 9 potions of brilliance
 t - 2 potions of heal wounds {@q2}
 v - 8 potions of mutation {!q}
 z - 11 potions of enlightenment
 A - 6 potions of might
 F - 3 potions of cancellation
 T - 3 potions of resistance
 W - a potion of invisibility
Miscellaneous
 K - a piece from Xom's chessboard (15/15)
 L - a phantom mirror (inert)
 M - a tin of tremorstones (2/2)
 N - a phial of floods
 U - a box of beasts (inert)
 V - a lightning rod (4/4)


   Skills:
 - Level 22.0 Fighting
 - Level 0.2(2.5) Short Blades
 - Level 4.1(4.2) Long Blades
 - Level 14.2(21.5) Axes
 - Level 25.5(26.7) Polearms
 - Level 22.0 Armour
 + Level 16.8 Dodging
 O Level 27 Shields
 - Level 15.0 Evocations


You had 26 spell levels left.
You didn't know any spells.
Your spell library contained the following spells:

 Spells                   Type           Power      Damage    Failure   Level
 Malign Gateway           Summ/Tloc      0%         N/A       100%        7
 Summon Horrible Things   Summ           0%         N/A       100%        8


Dungeon Overview and Level Annotations

Branches:
Dungeon (15/15)            Temple (1/1) D:7            Lair (5/5) D:10
 Shoals (4/4) Lair:3       Spider (4/4) Lair:2        Slime (0/5) Lair:4
    Orc (2/2) D:9             Elf (3/3) Orc:2        Vaults (5/5) D:13
  Crypt (0/3) Vaults:2     Depths (4/4) D:15            Zot (5/5) Depths:4
  Sewer (visited)

Altars:
Ashenzari
Cheibriados
Dithmenos
Elyvilon
Fedhas
Gozag
Hepliaklqana
Kikubaaqudgha
Makhleb
Nemelex Xobeh
Okawaru
Qazlal
Sif Muna
Trog
Uskayaw
Vehumet
Wu Jian
Xom
Yredelemnul
Zin
The Shining One
Jiyva

Shops:
D:3 !   D:4 [   Orc:2 [?=*(!(   Elf:1 !   Elf:3 *?   Vaults:2 =
Vaults:5 :!!?!!?!   Depths:3 [

Portals:
Hell: Depths:1 Depths:2 Depths:3 Depths:4
Abyss: D:4 Depths:3 Depths:4
Pandemonium: Depths:2 Depths:3 Depths:4
Ziggurat: Depths:3
Trove: Depths:2 (give horn of Geryon)

Annotations:
D:4 2 transporters, hattey's ghost, amateur HuWn
Shoals:2 exclusion: downstairs
Shoals:3 Roxanne
Elf:3 3 runed translucent doors, nujazz's ghost, adept HOFi
Vaults:3 3 runed translucent doors, Defeg's ghost, adept DrHs; Ler Ylut's ghost, adept HOMo; Plog's ghost, adept FeBe
Zot:3 3 runed translucent doors, patman's ghost, legendary KoGl
Zot:5 1 exclusion


Innate Abilities, Weirdness & Mutations

You cannot be hasted, slowed, berserked, paralysed or teleported.
You can dig through walls and to a lower floor.
You have a pair of large antennae on your head. (SInv)
Your four strong arms can wield two-handed weapons with a shield.
You are agile. (Dex +4, Str/Int -1)
You are strong-willed. (Will+)
Your spells are a little harder to cast, but a little more powerful.


Message History

You fly upwards.
An Ice Fiend comes into view.
There is a stone staircase leading down here.
You stride towards the Ice Fiend!
You barely miss the Ice Fiend. You puncture the Ice Fiend!
The Ice Fiend convulses!
The Ice Fiend is haunted by guilt!
The Ice Fiend is moderately wounded.
The Ice Fiend claws you! The Ice Fiend freezes you! You resist.
The Ice Fiend is wracked by anguish!!
You block the Ice Fiend's attack.
You spit the Ice Fiend like a pig!!!
The Ice Fiend convulses!!!
You kill the Ice Fiend!
The Council accepts your kill.
No target in view!
There is a stone staircase leading down here.
You sense a monster nearby.
A soul eater comes into view.
The soul eater moves out of view.
You reach to attack!
You puncture the soul eater!
The soul eater convulses.
The soul eater is haunted by guilt!
The soul eater is moderately wounded.
You reach to attack!
You puncture the soul eater!
The soul eater convulses!
The soul eater is severely wounded.
You closely miss the soul eater.
The soul eater is severely wounded.
You puncture the soul eater!
The soul eater convulses!
You kill the soul eater!
The Council accepts your kill.
No target in view!
(D) Dungeon (T) Temple (L) Lair (A) Shoals (N) Spider Nest (M) Slime Pits (O) Orcish Mines (E) Elven Halls (V) Vaults (C) Crypt (U) Depths (H) Hell (Z) Zot
Where to? (Enter - D:1 @ (x,y), ? - help) HP restored.
There is an open door here.
There is an open door here.
You see here a +0 short sword.
There is an open door here.
There is a staircase leading out of the dungeon here.
You have escaped!

#.# #.# ##.###.# .......#
#.#.#### ##### #.#.###
#...######## ......##
#.###......#####
#..###.###...#.####.#...#
#.#####.##.###.#..#.###.##
..##.........#.'@.+.##...##
#.##.##.######)#..#.##....#
##.#.#.## ###'####.##....#
##.{.## #.'......#####.#
##>## #.#'###### #.# #.##
#...##########.# ## #..#
#.....#........#
.####.######.....#.#####..#
....#.##.........#.#####..#


There were no monsters in sight!

Vanquished Creatures
  3 dread liches
  An orb of fire (Zot:5)
  An ancient lich (Vaults:4)
  A pandemonium lord (Zot:1)
  Sojobo (Vaults:5)
  4 Killer Klowns (Zot:5)
  Parghit (Zot:2)
  Xtahua (Vaults:3)
  A curse toe (Zot:4)
  Nikola (Shoals:1)
  5 golden dragons
  2 profane servitors
  6 electric golems
  4 liches
  A Hell Sentinel (D:14)
  10 tentacled monstrosities
  Jorgrun (Orc:2)
  23 Orb Guardians
  2 Ice Fiends
  Asterion (Vaults:3)
  Mlioglotl (Shoals:3)
  2 deep elf blademasters
  A walking divine tome (Depths:4)
  A walking frostbound tome (Depths:4)
  9 death cobs
  8 titans
  A deep elf master archer (Elf:3)
  Polyphemus (Shoals:3)
  4 quicksilver dragons
  7 sphinxes
  The ghost of soepkip the Slayer, an adept MiMo of Okawaru (Spider:3)
  5 tengu reavers
  6 shadow dragons
  15 storm dragons
  Ilsuiw (Shoals:2)
  A draconian knight (Zot:4)
  6 draconian monks
  Donald (Orc:1)
  12 fire giants
  2 emperor scorpions
  14 frost giants
  10 deep elf sorcerers
  19 vault wardens
  4 ghost moths
  5 draconian scorchers
  Louise (Spider:3)
  2 iron dragons
  A balrug (Depths:4)
  2 orc warlords
  A juggernaut zombie (Depths:3)
  2 deep elf elementalists (Elf:3)
  5 draconian shifters
  A draconian stormcaller (Zot:3)
  7 draconian annihilators
  2 reapers
  26 ironbound preservers
  21 very ugly things
  10 ironbound thunderhulks
  13 stone giants
  6 war gargoyles
  12 green draconians
  A demonspawn black sun (D:10)
  5 broodmothers
  2 vampire knights
  9 black draconians
  5 deep elf demonologists
  11 purple draconians
  8 deep elf annihilators
  9 red draconians
  6 white draconians
  6 spark wasps
  7 yellow draconians
  7 dire elephants
  3 crystal guardians (Vaults:3)
  5 deep elf death magi
  11 merfolk impalers
  16 ettins
  10 merfolk javelineers
  8 deep elf high priests
  A fire dragon (shapeshifter) (Depths:1)
  2 entropy weavers
  8 fire dragons
  6 hydras
  10 great orbs of eyes
  15 yaktaur captains
  2 hell beasts
  A rakshasa (D:14)
  6 ice dragons
  A quicksilver dragon skeleton (Depths:3)
  24 centaur warriors
  43 vault guards
  Erolcha (Orc:2)
  5 peacekeepers
  5 spriggan air magi
  7 ironbound frosthearts
  3 ogre magi
  2 jorogumos
  2 alligator snapping turtles (Shoals:4)
  4 merfolk avatars
  A catoblepas (Shoals:3)
  10 merfolk aquamancers
  25 dancing weapons
  9 boulder beetles
  17 two-headed ogres
  An anaconda (shapeshifter) (Vaults:1)
  2 satyrs (Shoals:4)
  Erica (Lair:2)
  A vampire mage (Depths:1)
  9 death yaks
  7 deep troll shamans
  8 spriggan berserkers
  Urug (Orc:2)
  6 deep troll earth magi
  2 hell knights (Depths:4)
  3 soul eaters
  3 skysharks
  11 deep elf knights
  7 sun demons
  3 skeletal warriors (D:14)
  Amaemon (Lair:2)
  3 pharaoh ants
  5 glowing orange brains
  8 iron trolls
  A large abomination (Elf:1)
  A goliath frog (Lair:5)
  2 orb spiders
  A spark wasp zombie (Depths:3)
  14 sea snakes
  79 deep trolls
  2 flayed ghosts
  10 deep elf archers
  3 wolf spider zombies (D:13)
  11 necromancers
  A glowing orange brain (shapeshifter) (Vaults:4)
  An orange crystal statue (Depths:1)
  12 wizards
  5 steelbarb worms
  Pikel (D:6)
  10 lindwurms
  14 ironbound convokers
  5 phantasmal warriors
  23 deep elf pyromancers
  4 orc knights
  17 harpies
  17 deep elf zephyrmancers
  A faun (shapeshifter) (Vaults:5)
  53 ugly things
  2 orc sorcerers
  21 wolf spiders
  3 starcursed masses (Abyss:2)
  11 manticores
  3 fire giant zombies
  11 cyclopes
  34 moths of wrath
  A moth of wrath (shapeshifter) (Depths:3)
  20 fauns
  Maurice (D:11)
  5 black mambas
  A toenail golem (Zot:4)
  13 elephants
  6 water nymphs
  14 merfolk sirens
  6 demonic crawlers
  9 centaur zombies (D:13)
  An orange demon (Lair:2)
  A fire giant skeleton (Depths:1)
  A stone giant skeleton (Vaults:5)
  13 cane toads
  2 torpor snails
  15 vault sentinels
  Maggie (D:10)
  3 efreet
  9 komodo dragons
  5 kobold demonologists
  2 unseen horrors
  2 rime drakes
  26 yaktaurs
  A yaktaur (shapeshifter) (Vaults:5)
  2 spriggan skeletons (Depths:1)
  2 freezing wraiths
  3 tengu conjurers
  An ice devil (Depths:4)
  A red devil (Depths:1)
  A tormentor (D:5)
  A merfolk (shapeshifter) (Vaults:4)
  2 human zombies
  A meliai (shapeshifter) (Vaults:5)
  3 meliai
  3 wind drakes
  3 polar bears
  27 trolls
  2 polar bears (shapeshifter)
  2 tyrant leeches
  Grinder (D:5)
  11 dream sheep
  23 tarantellas
  14 blink frogs
  23 merfolk
  3 hornets
  3 snapping turtles
  50 slime creatures
  A slime creature (shapeshifter) (Depths:3)
  5 air elementals
  27 jumping spiders
  Sigmund (D:5)
  2 centaur simulacra (D:11)
  2 spriggans (Depths:4)
  19 water elementals
  2 wraiths (D:11)
  15 culicivoras
  2 basilisks (Lair:2)
  38 yaks
  3 vampires (Vaults:2)
  2 wyverns
  3 fire elementals
  A steam dragon (Lair:3)
  7 vampire mosquitoes
  44 redbacks
  A neqoxec (Zot:1)
  Menkaure (D:5)
  7 wargs
  A swamp worm (shapeshifter) (Vaults:4)
  A hell hound (D:13)
  A human skeleton (Vaults:1)
  2 acid dragons
  17 water moccasins
  26 orc warriors
  A glowing shapeshifter skeleton (Depths:3)
  An ice beast (D:5)
  3 black bears
  27 ogres
  8 centaurs
  19 wolves
  A small abomination (Abyss:2)
  A lemure (D:6)
  A phantom (D:5)
  7 kobold brigands
  16 bullfrogs
  4 elf zombies (Elf:1)
  A gnoll sergeant (D:11)
  3 earth elementals
  A scorpion (D:4)
  5 wights (D:8)
  A killer bee (D:11)
  A human simulacrum (Vaults:1)
  7 howler monkeys
  2 electric eels
  11 hounds
  A hound (shapeshifter) (Vaults:5)
  Crazy Yiuf (D:4)
  18 orc priests
  A jelly (D:6)
  Natasha (thrice) (D:4)
  A boggart zombie (D:13)
  9 iguanas
  Terence (D:2)
  29 orc wizards
  A river rat (Sewer)
  11 adders
  8 gnolls
  A shadow imp (D:5)
  A white imp (D:5)
  An ufetubus (D:7)
  2 dart slugs (D:3)
  66 orcs
  5 endoplasms
  5 giant cockroaches
  4 goblins
  4 hobgoblins
  3 jackals
  29 kobolds
  4 quokkas
  9 ball pythons
  3 bats
  5 frilled lizards
  9 rats
2040 creatures vanquished.

Vanquished Creatures (collateral kills)
  A Killer Klown (Zot:5)
  A tentacled monstrosity (Depths:4)
2 creatures vanquished.

Vanquished Creatures (others)
  2 ancient liches
  An orb of fire (Zot:5)
  Vv (Zot:1)
  Saint Roka (Orc:1)
  A curse toe (Zot:4)
  A golden dragon (Depths:4)
  A Tzitzimitl (Depths:2)
  A tentacled monstrosity (Zot:1)
  2 Orb Guardians (Zot:5)
  A quicksilver dragon (Zot:2)
  A deep elf blademaster (Elf:3)
  A sphinx (Vaults:5)
  A death cob (Zot:4)
  3 storm dragons
  A draconian monk (Zot:3)
  A demonspawn warmonger (D:10)
  8 fire giants
  A draconian knight (Zot:5)
  2 frost giants
  An ironbound preserver (Vaults:2)
  3 draconian stormcallers
  A very ugly thing (Depths:4)
  2 draconian annihilators
  A stone giant (Zot:4)
  A green draconian (Zot:2)
  A dire elephant (Vaults:1)
  A black draconian (Zot:5)
  A deep elf annihilator (Elf:3)
  A purple draconian (Zot:1)
  A white draconian (Zot:4)
  2 red draconians (Zot:2)
  A spark wasp (Depths:2)
  2 merfolk javelineers
  2 ettins
  A deep elf high priest (Elf:3)
  2 merfolk impalers
  A yaktaur captain (Vaults:5)
  An ice dragon (Depths:1)
  A spriggan air mage (Depths:3)
  2 vault guards
  An ogre mage (Orc:2)
  A centaur warrior (D:15)
  2 merfolk aquamancers
  A satyr (Shoals:2)
  A two-headed ogre (D:8)
  A boulder beetle (D:11)
  A hell hog (Depths:1)
  A death yak (Shoals:3)
  Nergalle (Orc:2)
  A deep elf knight (Elf:3)
  An iron troll (Zot:4)
  An orb spider (Spider:3)
  A skeletal warrior (D:14)
  5 deep trolls
  A lindwurm (Vaults:3)
  A necromancer (D:13)
  2 deep elf archers (Elf:3)
  A deep elf pyromancer (Elf:1)
  A deep elf zephyrmancer (Elf:1)
  A harpy (Shoals:3)
  2 manticores
  A wizard (D:9)
  2 fauns (Shoals:1)
  A moth of wrath (Zot:4)
  A wolf spider (Spider:4)
  An elephant (Lair:4)
  A black mamba (Lair:1)
  A torpor snail (Lair:2)
  3 cane toads
  An unseen horror (D:11)
  An efreet (D:11)
  A tengu conjurer (Depths:1)
  3 merfolk
  3 meliai
  A blink frog (Lair:5)
  A tyrant leech (Lair:5)
  A wind drake (Shoals:4)
  2 dream sheep (Lair:5)
  3 tarantellas
  An air elemental (Elf:2)
  2 jumping spiders (Spider:4)
  2 yaks
  A culicivora (Spider:1)
  A wyvern (D:10)
  An acid dragon (D:9)
  An orc warrior (D:9)
  An ogre (Orc:2)
  A gnoll sergeant (D:7)
  An orc wizard (Orc:2)
128 creatures vanquished.

Grand Total: 2170 creatures vanquished

Notes
Turn   | Place    | Note
-------+----------+-------------------------------------------
     0 | D:1      | Kenran the Formicid Fighter began the quest for the Orb.
     0 | D:1      | Reached XP level 1. HP: 18/18 MP: 1/1
    80 | D:1      | Reached XP level 2. HP: 21/24 MP: 2/2
   509 | D:1      | Reached XP level 3. HP: 26/29 MP: 3/3
   807 | D:2      | Noticed Terence
   817 | D:2      | Killed Terence
   818 | D:2      | Reached XP level 4. HP: 18/35 MP: 4/4
   914 | D:2      | Identified the +6 short sword "Kextelaf" {flame, rElec}
   937 | D:2      | You fall into a shaft and drop 2 floors!
   937 | D:4      | Found the +8 trishula "Condemnation" {holy, anguish, *Noise
                  | Fly rN+}
   965 | D:4      | Found a transporter.
   969 | D:4      | Found a transporter.
  1121 | D:4      | Noticed an ogre
  1128 | D:4      | Killed an ogre
  1129 | D:4      | Reached XP level 5. HP: 40/41 MP: 5/5
  1184 | D:4      | Noticed Natasha
  1192 | D:4      | Killed Natasha
  1193 | D:4      | Reached XP level 6. HP: 47/47 MP: 6/6
  2134 | D:3      | Found Usiec's Distillery.
  2301 | D:3      | Found a broken altar of Ashenzari.
  2612 | D:4      | Found Ecuiryell's Antique Armour Emporium.
  2618 | D:4      | Reached skill level 5 in Polearms
  2619 | D:4      | Reached XP level 7. HP: 51/52 MP: 7/7
  2738 | D:4      | Found a runed translucent door.
  2739 | D:4      | Noticed Crazy Yiuf
  2811 | D:4      | Noticed hattey's ghost (amateur HuWn)
  2859 | D:4      | Noticed Natasha
  2865 | D:4      | Killed Natasha
  2873 | D:4      | Found a one-way gate to the infinite horrors of the Abyss.
  2902 | D:4      | Noticed Natasha
  2907 | D:4      | Killed Natasha
  3090 | D:4      | Killed Crazy Yiuf
  3288 | D:4      | Found Ecuiryell's Antique Armour Emporium.
  3502 | D:4      | Found a transporter.
  3510 | D:4      | Found a transporter.
  3704 | D:4      | Found a one-way gate to the infinite horrors of the Abyss.
  3781 | D:5      | Entered Level 5 of the Dungeon
  3853 | D:5      | Noticed Menkaure
  3859 | D:5      | Killed Menkaure
  3995 | D:5      | Found a glowing drain.
  4022 | D:5      | Reached XP level 8. HP: 39/58 MP: 8/8
  4047 | Sewer    | Entered a sewer
  4218 | Sewer    | Found a white marble altar of Elyvilon.
  4264 | D:5      | Noticed Grinder
  4304 | D:5      | Killed Grinder
  4341 | D:5      | Noticed Sigmund
  4370 | D:5      | Killed Sigmund
  4545 | D:5      | Reached XP level 9. HP: 64/64 MP: 9/9
  4727 | D:6      | Reached skill level 10 in Polearms
  5108 | D:6      | Reached skill level 5 in Fighting
  5308 | D:6      | Found a basalt altar of Yredelemnul.
  5315 | D:6      | Found a glowing silver altar of Zin.
  5327 | D:6      | Found an ancient bone altar of Kikubaaqudgha.
  5341 | D:6      | Found a radiant altar of Vehumet.
  5424 | D:6      | Noticed Pikel
  5440 | D:6      | Killed Pikel
  5448 | D:6      | Reached skill level 5 in Armour
  5574 | D:7      | Found a staircase to the Ecumenical Temple.
  5607 | D:7      | Found a shadowy altar of Dithmenos.
  5640 | Temple   | Entered the Ecumenical Temple
  5807 | D:7      | Found an opulent altar of Gozag.
  6043 | D:7      | Reached XP level 10. HP: 68/74 MP: 10/10
  6597 | D:8      | Noticed a two-headed ogre
  6605 | D:8      | Killed a two-headed ogre
  6711 | D:8      | Noticed a two-headed ogre
  6725 | D:8      | Killed a two-headed ogre
  6729 | D:8      | Reached skill level 5 in Shields
  6973 | D:8      | Reached skill level 6 in Shields
  7619 | D:9      | Reached skill level 7 in Shields
  7619 | D:9      | Reached XP level 11. HP: 77/86 MP: 11/11
  7637 | D:9      | Reached skill level 8 in Shields
  7666 | D:9      | Reached skill level 9 in Shields
  7797 | D:9      | Found a staircase to the Orcish Mines.
  7961 | D:9      | Found a bloodstained altar of Trog.
  7963 | D:9      | Noticed a wizard
  7967 | D:9      | Killed a wizard
  8069 | D:9      | Found an ornate altar of the Wu Jian Council.
  8075 | D:9      | Reached skill level 10 in Shields
  8091 | D:9      | Became a worshipper of the Wu Jian Council
  8209 | D:10     | Entered Level 10 of the Dungeon
  8375 | D:10     | Found a staircase to the Lair.
  8375 | D:10     | Noticed an elephant
  8388 | D:10     | Killed an elephant
  8474 | D:10     | Found a hide-covered altar of Uskayaw.
  8491 | D:10     | Identified the ring "Evoefar" {rPois rCorr Int-5 Stlth+}
  8784 | D:10     | Found a snail-covered altar of Cheibriados.
  8874 | D:10     | Noticed Maggie
  8888 | D:10     | Killed Maggie
  9081 | D:11     | Noticed Maurice
  9095 | D:11     | Reached * piety under Wu Jian
  9126 | D:11     | Killed Maurice
  9128 | D:11     | Noticed a seven-headed hydra
  9131 | D:11     | Noticed a deep troll earth mage
  9132 | D:11     | Killed a seven-headed hydra
  9138 | D:11     | Killed a deep troll earth mage
  9379 | D:11     | Noticed a two-headed ogre
  9382 | D:11     | Reached XP level 12. HP: 94/94 MP: 12/12
  9387 | D:11     | Killed a two-headed ogre
  9398 | D:11     | Noticed a four-headed hydra
  9618 | D:11     | Killed a four-headed hydra
  9619 | D:11     | Reached skill level 10 in Fighting
  9649 | D:11     | Reached ** piety under Wu Jian
  9670 | D:11     | Reached skill level 11 in Shields
  9689 | D:11     | Found a sparkling altar of Nemelex Xobeh.
 10000 | D:11     | Reached skill level 12 in Shields
 10000 | D:11     | Noticed a boulder beetle
 10197 | D:11     | Noticed a boulder beetle
 10212 | D:11     | Killed a boulder beetle
 10231 | D:11     | Killed a boulder beetle
 10411 | D:11     | Identified the staff of death "Zutauky Run" {Fragile rElec
                  | rN+ Stlth+}
 10745 | D:11     | Noticed a two-headed ogre
 10754 | D:11     | Killed a two-headed ogre
 10794 | D:11     | Identified the +0 ring mail of Generosity {rC+}
 10903 | D:12     | Noticed a boulder beetle
 10922 | D:12     | Killed a boulder beetle
 10956 | D:12     | Reached XP level 13. HP: 81/103 MP: 13/13
 10996 | Lair:1   | Entered Level 1 of the Lair of Beasts
 11076 | Lair:1   | Reached skill level 10 in Armour
 11170 | Lair:1   | Reached skill level 5 in Evocations
 11365 | Lair:1   | Reached *** piety under Wu Jian
 12015 | Lair:2   | Found a hole to the Spider Nest.
 12199 | Lair:2   | Noticed Amaemon
 12210 | Lair:2   | Killed Amaemon
 12312 | Lair:2   | Noticed a seven-headed hydra
 12313 | Lair:2   | Noticed Erica
 12325 | Lair:2   | Killed a seven-headed hydra
 12333 | Lair:2   | Killed Erica
 12614 | Lair:2   | Reached **** piety under Wu Jian
 13187 | Lair:3   | Reached XP level 14. HP: 108/115 MP: 14/14
 13307 | Lair:3   | Reached skill level 13 in Shields
 13363 | Lair:3   | Found a staircase to the Shoals.
 13962 | Lair:4   | Reached skill level 14 in Shields
 14323 | Lair:4   | Found a viscous altar of Jiyva.
 14323 | Lair:4   | Found a staircase to the Slime Pits.
 14545 | Lair:4   | Reached skill level 15 in Shields
 14969 | Lair:5   | Entered Level 5 of the Lair of Beasts
 14996 | Lair:4   | Reached ***** piety under Wu Jian
 15052 | Lair:5   | Reached skill level 16 in Shields
 15865 | Lair:5   | Reached XP level 15. HP: 94/126 MP: 15/15
 16392 | Lair:5   | Reached skill level 15 in Fighting
 16658 | Lair:5   | Identified the +7 battleaxe of Noucwet {elec, Contam rF++}
 17656 | D:12     | Reached ****** piety under Wu Jian
 18029 | D:13     | Reached skill level 1 in Axes
 18353 | D:13     | Found a basalt altar of Yredelemnul.
 18445 | D:13     | Found a gate to the Vaults.
 18897 | D:14     | Found an iron altar of Okawaru.
 19023 | D:14     | Reached skill level 5 in Axes
 19060 | D:14     | Reached XP level 16. HP: 74/136 MP: 10/16
 19856 | D:15     | Entered Level 15 of the Dungeon
 20403 | D:15     | Found a staircase to the Depths.
 20944 | Orc:1    | Entered Level 1 of the Orcish Mines
 21056 | Orc:2    | Entered Level 2 of the Orcish Mines
 21056 | Orc:2    | Noticed Saint Roka
 21056 | Orc:2    | Noticed Donald
 21068 | Orc:1    | Killed Donald
 21069 | Orc:1    | Reached skill level 10 in Axes
 21265 | Orc:1    | Killed Saint Roka
 21675 | Orc:2    | Found Ifetac's Antique Armour Boutique.
 21755 | Orc:2    | Noticed Urug
 21778 | Orc:2    | Noticed Jorgrun
 21796 | Orc:2    | Killed Jorgrun
 22116 | Orc:2    | Killed Urug
 22241 | Orc:2    | Found a staircase to the Elven Halls.
 22267 | Orc:2    | Reached XP level 17. HP: 142/142 MP: 17/17
 22269 | Orc:2    | Found Ucsarph's Distillery.
 22276 | Orc:2    | Found Hennur's General Store.
 22277 | Orc:2    | Found Vinacus's Jewellery Boutique.
 22283 | Orc:2    | Found Emeack's Antique Weapon Shoppe.
 22287 | Orc:2    | Bought a potion of heal wounds for 60 gold pieces
 22287 | Orc:2    | Bought a potion of heal wounds for 60 gold pieces
 22353 | Orc:2    | Found Athroblye's Antique Weapon Shop.
 22526 | Orc:2    | Found Tujil's Magic Scroll Shoppe.
 22529 | Orc:2    | Bought a scroll of identify for 32 gold pieces
 22619 | Orc:1    | Noticed Erolcha
 22627 | Orc:1    | Noticed Nergalle
 22630 | Orc:2    | Killed Erolcha
 22737 | Orc:2    | Killed Nergalle
 23378 | Spider:1 | Entered Level 1 of the Spider Nest
 24928 | Spider:3 | Noticed Louise
 24957 | Spider:3 | Killed Louise
 25505 | Spider:3 | Found a runed translucent door.
 25511 | Spider:3 | Noticed soepkip's ghost (adept MiMo)
 26372 | Spider:3 | Killed soepkip's ghost
 26574 | Spider:4 | Entered Level 4 of the Spider Nest
 26779 | Spider:3 | Reached XP level 18. HP: 132/157 MP: 16/18
 27394 | Spider:4 | Identified the +1 chain mail of Mehor {-Cast +Inv rCorr}
 27884 | Spider:4 | Reached skill level 15 in Armour
 28108 | Spider:4 | Got a gossamer rune of Zot
 28121 | Spider:4 | Identified the +0 hat of Suntux {rElec}
 28342 | Shoals:1 | Entered Level 1 of the Shoals
 28357 | Shoals:1 | Noticed Nikola
 28369 | Shoals:1 | Killed Nikola
 28507 | Shoals:1 | Reached skill level 1 in Dodging
 28667 | Shoals:1 | Identified the +7 plate armour of the Swamp {Str+6}
 28746 | Shoals:1 | Reached skill level 5 in Dodging
 29773 | Shoals:2 | Reached XP level 19. HP: 157/163 MP: 17/19
 29986 | Shoals:2 | Noticed Ilsuiw
 30018 | Shoals:2 | Killed Ilsuiw
 30491 | Shoals:3 | Noticed Polyphemus
 31012 | Shoals:3 | Identified the +9 rapier "Linimp" {heavy, rN+ Will+ Int+4}
 31129 | Shoals:3 | Reached skill level 17 in Shields
 31622 | Shoals:3 | Noticed Roxanne
 31666 | Shoals:3 | Killed Polyphemus
 31667 | Shoals:3 | Reached skill level 18 in Shields
 31907 | Shoals:3 | Noticed Mlioglotl
 31915 | Shoals:3 | Killed Mlioglotl
 32160 | Shoals:4 | Entered Level 4 of the Shoals
 32359 | Shoals:4 | Reached skill level 19 in Shields
 33011 | Shoals:4 | Reached skill level 20 in Shields
 33029 | Shoals:4 | Reached XP level 20. HP: 82/170 MP: 20/20
 33116 | Shoals:4 | Identified the +3 chain mail of Words of Power {rElec
                  | Will+}
 33191 | Shoals:4 | Got a barnacled rune of Zot
 33262 | Shoals:4 | Identified a scroll of acquirement
 33823 | Shoals:4 | Acquired a manual of Armour
 34021 | Vaults:1 | Entered Level 1 of the Vaults
 34859 | Vaults:1 | Reached skill level 21 in Shields
 35695 | Vaults:2 | Reached XP level 21. HP: 175/175 MP: 21/21
 35871 | Vaults:2 | Reached skill level 22 in Shields
 35884 | Vaults:2 | Found Wyghoutz's Jewellery Shoppe.
 35890 | Vaults:2 | Bought a +4 ring of slaying for 1482 gold pieces
 36238 | Vaults:2 | Reached skill level 23 in Shields
 36985 | Vaults:2 | Found a staircase to the Crypt.
 37272 | Vaults:3 | Reached skill level 24 in Shields
 37444 | Vaults:3 | Found a runed translucent gate.
 37444 | Vaults:3 | Found a runed translucent gate.
 37445 | Vaults:3 | Found a runed translucent gate.
 37445 | Vaults:3 | Noticed Plog's ghost (adept FeBe)
 37445 | Vaults:3 | Noticed Ler Ylut's ghost (adept HOMo)
 37763 | Vaults:3 | Reached skill level 25 in Shields
 37942 | Vaults:3 | Reached XP level 22. HP: 148/184 MP: 22/22
 38407 | Vaults:3 | Noticed Xtahua
 38416 | Vaults:3 | Killed Xtahua
 38522 | Vaults:3 | Reached skill level 10 in Evocations
 38648 | Vaults:3 | Noticed Asterion
 38666 | Vaults:3 | Killed Asterion
 38714 | Vaults:3 | Noticed Defeg's ghost (adept DrHs)
 39480 | Vaults:4 | Acquired 607 gold pieces
 39691 | Vaults:4 | Noticed an ancient lich
 39712 | Vaults:4 | Killed an ancient lich
 39846 | Vaults:4 | Identified the +0 falchion of the Lonely Portals {elec,
                  | rElec}
 40394 | Depths:1 | Entered Level 1 of the Depths
 40461 | Depths:1 | Reached XP level 23. HP: 145/196 MP: 23/23
 40637 | Depths:1 | Found a gateway to Hell.
 40972 | Depths:1 | Identified the +1 pair of gloves "Nuipant" {-Tele rC++
                  | Str+4}
 41247 | Depths:1 | You are sucked into a shaft and drop 1 floor!
 41384 | Depths:2 | Found a one-way gate leading to the halls of Pandemonium.
 42356 | Depths:2 | Reached skill level 15 in Evocations
 42385 | Depths:2 | Found a portal to a secret trove of treasure.
 42614 | Depths:3 | Noticed a golden dragon
 42626 | Depths:3 | Killed a golden dragon
 42628 | Depths:3 | Noticed a golden dragon
 42660 | Depths:3 | Killed a golden dragon
 42664 | Depths:3 | Gained mutation: You are dopey. (Int -2) [mutagenic glow]
 42687 | Depths:3 | Gained mutation: Armour fits poorly on your strangely
                  | shaped body. [mutagenic glow]
 42966 | Depths:3 | Found a one-way gateway to a ziggurat.
 43314 | Depths:3 | Found a runed translucent door.
 43578 | Depths:3 | Reached skill level 15 in Polearms
 43798 | Depths:3 | Found Wimoirr's Armour Shoppe.
 43914 | Depths:3 | Reached XP level 24. HP: 169/206 MP: 23/23
 44264 | Depths:4 | Entered Level 4 of the Depths
 44438 | Depths:4 | Noticed a golden dragon
 44453 | Depths:4 | Killed a golden dragon
 44521 | Depths:4 | HP: 8/208 [green draconian monk (15)]
 45791 | Depths:4 | Found a gate to the Realm of Zot.
 46198 | Depths:1 | Identified the +3 chain mail of Objectivity {+Blink rElec
                  | Str-2 Dex+2}
 46573 | Elf:1    | Entered Level 1 of the Elven Halls
 46673 | Elf:1    | Found Owoeck's Distillery.
 46679 | Elf:1    | Bought a potion of curing for 42 gold pieces
 46679 | Elf:1    | Bought a potion of curing for 42 gold pieces
 47497 | Elf:2    | Found a runed translucent gate.
 47497 | Elf:2    | Found a runed translucent gate.
 47499 | Elf:2    | Found a runed translucent gate.
 47840 | Elf:2    | Reached XP level 25. HP: 214/217 MP: 23/23
 48235 | Elf:3    | Entered Level 3 of the Elven Halls
 48257 | Elf:3    | Found a runed translucent gate.
 48257 | Elf:3    | Found a runed translucent gate.
 48257 | Elf:3    | Found a runed translucent gate.
 48258 | Elf:3    | Noticed nujazz's ghost (adept HOFi)
 48709 | Elf:3    | Found Okesmi Yzium's Magic Scroll Boutique.
 48727 | Elf:3    | Bought a scroll of enchant armour for 120 gold pieces
 48728 | Elf:3    | Found Tucyej Jylu's General Store.
 48735 | Elf:3    | Bought a potion of heal wounds for 90 gold pieces
 48787 | Elf:3    | Identified the +1 broad axe "Mekuopopo" {spect, rN+ Dex+2}
 48934 | Elf:3    | Identified the +5 broad axe "Annuun" {elec, rPois rN+
                  | Will+++ Dex-2}
 48934 | Elf:3    | Identified the ring of Seucie Vypt {+Blink rElec rF+ rC-
                  | AC+4 Int+3}
 48952 | Elf:3    | Identified the +6 quarterstaff of the Moon {heavy, rPois
                  | Str-5 Int+3}
 48953 | Abyss:2  | Cast into level 2 of the Abyss (a deep elf sorcerer)
 49019 | Elf:3    | Escaped the Abyss
 49217 | Elf:3    | Identified the +7 bardiche of Anxiety {protect, rN+}
 49391 | Elf:3    | Identified the +1 cloak of the Cockroach {Rampage}
 49402 | Elf:3    | Identified the staff of cold "Nidan" {rElec rPois rC+ Int+3
                  | Dex-3}
 49420 | Elf:3    | Identified the +0 ring mail "Reekyim" {*Corrode rElec rF-
                  | rN+++}
 49428 | Elf:3    | Identified the +3 ring mail of the Old World {Fly}
 49437 | Elf:3    | Identified the staff of death "Helosk" {rN+ Str+3 Int+3}
 49681 | Elf:3    | Reached skill level 26 in Shields
 50380 | Vaults:5 | Entered Level 5 of the Vaults
 50622 | Vaults:5 | Reached skill level 27 in Shields
 50672 | Vaults:5 | Noticed a dread lich
 50683 | Vaults:4 | Killed a dread lich
 50702 | Vaults:5 | Noticed an ancient lich
 50719 | Vaults:5 | Killed an ancient lich
 50720 | Vaults:5 | Reached XP level 26. HP: 148/224 MP: 23/23
 50726 | Vaults:5 | Found the +8 demon trident "Rift" {distort, reach+}
 50833 | Vaults:5 | Got a silver rune of Zot
 51233 | Vaults:5 | Noticed a dread lich
 51250 | Vaults:5 | Killed a dread lich
 51441 | Vaults:5 | Found Taptec's Book Boutique.
 51782 | Vaults:5 | Noticed Sojobo
 51813 | Vaults:5 | Killed Sojobo
 51978 | Vaults:5 | Found Fipline's Distillery.
 51978 | Vaults:5 | Found Uvoumiam's Magic Scroll Emporium.
 51990 | Vaults:5 | Bought a scroll of enchant weapon for 157 gold pieces
 51990 | Vaults:5 | Bought a scroll of enchant armour for 157 gold pieces
 51990 | Vaults:5 | Bought a scroll of acquirement for 1092 gold pieces
 51991 | Vaults:5 | Acquired 833 gold pieces
 52003 | Vaults:5 | Found Ferun's Distillery.
 52008 | Vaults:5 | Bought 2 potions of curing for 78 gold pieces
 52008 | Vaults:5 | Bought a potion of heal wounds for 65 gold pieces
 52008 | Vaults:5 | Bought a potion of curing for 39 gold pieces
 52008 | Vaults:5 | Bought a potion of curing for 39 gold pieces
 52008 | Vaults:5 | Bought a potion of flight for 39 gold pieces
 52008 | Vaults:5 | Bought a potion of cancellation for 104 gold pieces
 52038 | Vaults:5 | Identified the +11 mace of Misery {freeze, rN+ Int+5 Dex-5}
 52038 | Vaults:5 | Identified the ring "Kookaliu" {rPois rF+ rN+ Int+3}
 52133 | Vaults:5 | Found Kuonamei's Distillery.
 52137 | Vaults:5 | Bought a potion of heal wounds for 80 gold pieces
 52137 | Vaults:5 | Bought a potion of resistance for 160 gold pieces
 52145 | Vaults:5 | Found Xyexesut's Distillery.
 52149 | Vaults:5 | Found Meomp's Magic Scroll Shoppe.
 52150 | Vaults:5 | Bought a potion of heal wounds for 80 gold pieces
 52150 | Vaults:5 | Bought a potion of resistance for 160 gold pieces
 52157 | Vaults:5 | Bought a scroll of acquirement for 676 gold pieces
 52157 | Vaults:5 | Acquired a manual of Polearms
 52173 | Vaults:5 | Found Hojeamue's Distillery.
 52178 | Vaults:5 | Bought 2 potions of heal wounds for 110 gold pieces
 52178 | Vaults:5 | Bought a potion of curing for 33 gold pieces
 52178 | Vaults:5 | Bought a potion of heal wounds for 55 gold pieces
 52483 | Vaults:5 | Found the +3 pair of seven-league boots {Rampage+∞}
 52510 | Vaults:5 | Identified the +6 hand axe "Foroveno" {speed, Will+ Int+3
                  | SInv}
 52511 | Vaults:5 | Identified the staff of cold "Xosyihu" {Drain rElec rC+
                  | SInv}
 52547 | Vaults:5 | Identified the +9 plate armour "Ruiskyen" {Drain rPois
                  | rF+++ Slay+3}
 52552 | Vaults:5 | Identified the +1 plate armour "Feniwko" {Str+2}
 52566 | Vaults:5 | Identified the +7 quick blade of Ywnem {pain, Fragile rN++
                  | Int+4}
 52574 | Vaults:5 | Identified the staff of conjuration "Arghuigou" {Str+3
                  | Int-2 Dex+2}
 53041 | Zot:1    | Entered Level 1 of the Realm of Zot
 53584 | Zot:2    | Noticed Parghit
 53608 | Zot:2    | Killed Parghit
 53759 | Zot:3    | Reached XP level 27. HP: 219/231 MP: 23/23
 54571 | Zot:4    | HP: 9/231 [yellow draconian/glob of acid[a purple draconian
                  | shifter] (22)]
 54572 | Zot:4    | HP: 2/231 [death cob (21)]
 54579 | Zot:4    | HP: 11/231 [yellow draconian/glob of acid[a purple
                  | draconian shifter] (23)]
 55547 | Zot:4    | Upgraded the game from 0.31-a0-45-g5f0c076935 to
                  | 0.31-a0-60-g62046a28e0
 56110 | Zot:3    | Found a runed translucent gate.
 56111 | Zot:3    | Found a runed translucent gate.
 56111 | Zot:3    | Found a runed translucent gate.
 56112 | Zot:3    | Noticed patman's ghost (legendary KoGl)
 56758 | Zot:2    | Identified the +10 trident "Kev Haebb" {heavy, rPois MP+9}
 56996 | Zot:1    | Noticed Vv
 57011 | Zot:1    | Killed Vv
 57882 | Zot:4    | Reached skill level 10 in Dodging
 58167 | Zot:5    | Entered Level 5 of the Realm of Zot
 58890 | Zot:5    | Noticed a dread lich
 59074 | Zot:5    | Noticed a Killer Klown
 59096 | Zot:5    | Killed a dread lich
 59099 | Zot:5    | Killed a Killer Klown
 59459 | Zot:5    | Noticed a Killer Klown
 59467 | Zot:5    | Noticed a Killer Klown
 59475 | Zot:5    | Noticed a Killer Klown
 59476 | Zot:5    | Killed a Killer Klown
 59490 | Zot:5    | Killed a Killer Klown
 59524 | Zot:5    | Killed a Killer Klown
 59814 | Zot:5    | Noticed a Killer Klown
 59898 | Zot:5    | Reached skill level 15 in Dodging
 60050 | Zot:5    | Noticed an orb of fire
 60059 | Zot:5    | Gained mutation: You are very dopey. (Int -4) [an orb of
                  | fire]
 60060 | Zot:5    | Gained mutation: You occasionally shout uncontrollably at
                  | your foes. [an orb of fire]
 60064 | Zot:5    | Gained mutation: You are frail. (-10% HP) [an orb of fire]
 60067 | Zot:5    | Killed an orb of fire
 60084 | Zot:5    | Killed a Killer Klown
 60171 | Zot:5    | Noticed an orb of fire
 60182 | Zot:5    | Gained mutation: You are very frail. (-20% HP) [an orb of
                  | fire]
 60191 | Zot:5    | Killed an orb of fire
 60206 | Zot:5    | Lost mutation: Armour fits poorly on your strangely shaped
                  | body. [potion of mutation]
 60206 | Zot:5    | Lost mutation: You are very dopey. (Int -4) [potion of
                  | mutation]
 60206 | Zot:5    | Gained mutation: Your spells are a little harder to cast,
                  | but a little more powerful. [potion of mutation]
 60207 | Zot:5    | Lost mutation: You are dopey. (Int -2) [potion of mutation]
 60207 | Zot:5    | Lost mutation: You occasionally shout uncontrollably at
                  | your foes. [potion of mutation]
 60207 | Zot:5    | Gained mutation: You have an increased reservoir of magic.
                  | (+10% MP) [potion of mutation]
 60207 | Zot:5    | Lost mutation: You are very frail. (-20% HP) [potion of
                  | mutation]
 60207 | Zot:5    | Gained mutation: Your flesh is heat resistant. (rF+)
                  | [potion of mutation]
 60208 | Zot:5    | Lost mutation: Your flesh is heat resistant. (rF+) [potion
                  | of mutation]
 60208 | Zot:5    | Lost mutation: You have an increased reservoir of magic.
                  | (+10% MP) [potion of mutation]
 60208 | Zot:5    | Lost mutation: You are frail. (-10% HP) [potion of
                  | mutation]
 60208 | Zot:5    | Gained mutation: You are dopey. (Int -2) [potion of
                  | mutation]
 60208 | Zot:5    | Gained mutation: You are vulnerable to heat. (rF-) [potion
                  | of mutation]
 60208 | Zot:5    | Gained mutation: You are strong-willed. (Will+) [potion of
                  | mutation]
 60209 | Zot:5    | Lost mutation: You are vulnerable to heat. (rF-) [potion of
                  | mutation]
 60209 | Zot:5    | Lost mutation: You are dopey. (Int -2) [potion of mutation]
 60209 | Zot:5    | Lost mutation: You are strong-willed. (Will+) [potion of
                  | mutation]
 60209 | Zot:5    | Gained mutation: You are strong-willed. (Will+) [potion of
                  | mutation]
 60209 | Zot:5    | Gained mutation: You are agile. (Dex +4, Str/Int -1)
                  | [potion of mutation]
 60656 | Zot:5    | Got the Orb of Zot
 60921 | Zot:1    | Noticed Nuas the pandemonium lord
 60921 | Zot:1    | Noticed an ancient lich
 60938 | Zot:1    | Killed Nuas the pandemonium lord
 60941 | Zot:1    | Killed an ancient lich
 61500 | D:$      | Escaped with the Orb!

Illustrated notes

Levels and vault maps discovered:
D:1:      ncdulo_smallfort, layout_loops_cross, corexii_hall_statues_x
D:2:      layout_basic, nrook_campfire, minmay_misc_feat_encased, minivault_5,
          minmay_misc_feat_diagonals, uniq_terence
D:3:      layout_basic, marbit_many_paths, serial_shops, shop,
          chequers_serial_rivers_micro_c
D:4:      layout_basic, gammafunk_ghost_abyssal_escape,
          kennysheep_windowed_goal, uniq_natasha, uniq_crazy_yiuf_cottage
D:5:      layout_basic, nicolae_overflow_hidden_temple, portal_sewer_entry_f,
          uniq_sigmund, uniq_grinder, uniq_menkaure
D:6:      layout_basic, grunt_temple_overflow_cloverleaf,
          grunt_decor_resistance, uniq_pikel
D:7:      layout_basic, grunt_gozag_breadcrumbs,
          grunt_dithmenos_smoke_and_mirrors, minmay_temple_entry_trees
D:8:      kennysheep_spiral_hall, layout_loops_ring, hellmonk_bongcloud_opening,
          nicolae_benzene_ring, minmay_misc_feat_nine_boxes,
          kennysheep_generic_room_7
D:9:      layout_rooms, nicolae_wu_jian_immortal_techniques, trog_wizard,
          erik_orc_4
D:10:     layout_irregular_city, eat_drink_and_be_merry_uskayaw,
          mainiacjoe_overflow_six_doors_small, david_lair_generic, uniq_maggie
D:11:     minmay_complete_graph, layout_long_grid, chequers_big_river,
          nemelex_spade_bored_becter, uniq_maurice
D:12:     layout_long_grid
D:13:     layout_cave_pools, david_vaults_1, nicolae_yredelemnul_corpse_copse
D:14:     layout_irregular_city, okawaru_gym_becter
D:15:     hangedman_depths_entry_civil_slaughter, layout_irregular_city,
          minivault_11, hangedman_decor_peaks_small
Temple:   hellmonk_temple_micro_hex
Lair:1:   layout_regular_city, lemuel_fruit_fields
Lair:2:   layout_roguey, spider_nest_entry_rubble, infiniplex_staircase_pool_2,
          uniq_amaemon, uniq_erica
Lair:3:   layout_loops_ring, elwin_shoals_entry_stream, serial_bayou_shore_b
Lair:4:   layout_cave_pods, dpeg_slime_entry_enclosed,
          pdpol_lair_neglected_garden
Lair:5:   minmay_lair_end_frog_pond, layout_regular_city
Shoals:1: layout_shoals, nicolae_shoals_aquamancer_cove, uniq_nikola
Shoals:2: layout_shoals, uniq_ilsuiw
Shoals:3: layout_shoals, nicolae_shoals_pincushion_passage, uniq_roxanne,
          uniq_mlioglotl, uniq_polyphemus
Shoals:4: shoals_end_simple, layout_shoals, shoal_ilsuiw,
          nicolae_shoals_stone_sculpture_thing
Spider:1: layout_spider_delve, nicolae_spider_shape
Spider:2: layout_spider_delve, einodemon_crawler_minivault
Spider:3: layout_chambers, ebering_ghost_reflecting_pool,
          nicolae_spider_cling_halls, uniq_louise
Spider:4: grunt_spider_rune_parallel
Orc:1:    layout_diamond_mine, uniq_erolcha, uniq_nergalle
Orc:2:    st_orc_open, layout_caves, serial_shops, nicolae_diamond_shop,
          nicolae_shop_rolled_up, nicolae_shop_window_shopping, uniq_saint_roka,
          uniq_jorgrun, uniq_donald, uniq_urug
Elf:1:    eino_elf_arrival_customs, layout_geoelf_octagon, serial_shops,
          nicolae_shop_trees, minmay_elf_necromancy
Elf:2:    elven_hall_of_blades_hangedman_original [grunt_blade_entry_basic],
          layout_geoelf_grid
Elf:3:    minmay_elf_hall_not_hex, layout_onion_city, gammafunk_ghost_split,
          nicolae_elf_elemental_lessons, minmay_shoptagon
Vaults:1: nicolae_vaults_more_shelving_2, nicolae_vaults_tetromino_Z_1,
          nicolae_vaults_sealed_display, v_alt_pattern_1, hangedman_vaults_trim,
          nicolae_vaults_tetromino_Z_2, v_misc_11, v_rooms_6,
          nicolae_vaults_know_your_exits, nicolae_vaults_storage_room_doors,
          v_misc_8, nicolae_vaults_stairing_the_circle, vaults_dpeg_hooks,
          layout_vaults_maze_bifur
Vaults:2: nicolae_vaults_back_hallway, v_misc_23,
          nicolae_vaults_security_offices_6, hangedman_vaults_nails,
          vaults_room_door_hall, nicolae_vaults_twisting_passages,
          nicolae_vaults_network_square, ontoclasm_vaults_hangar,
          nicolae_vaults_house_2, minmay_crypt_entry_vampire_xt,
          dpeg_vaults_monster_box, nicolae_vaults_mini_display_case,
          layout_vaults_omnicross, serial_shops, shop
Vaults:3: gammafunk_ghost_cemetery, nicolae_vaults_big_ls, hangedman_vaults_hat,
          hangedman_vaults_river_flow, hangedman_vaults_maws, v_misc_33,
          nicolae_vaults_network_s, nicolae_vaults_variable_pillar_hall,
          ontoclasm_vaults_ring_square, nicolae_vaults_specimen_jars,
          nicolae_vaults_tangram_1, layout_vaults_ring, uniq_asterion,
          uniq_xtahua
Vaults:4: vaults_room_semicircle, dpeg_vaults_hating_casters, v_misc_29,
          nicolae_vaults_offset_grid_hallway_3, nicolae_vaults_lightning_bolt,
          vaults_room_hallway, grunt_vaults_funnel, ontoclasm_vaults_hangar,
          vaults_mumra_minichess, vaults_room_fours,
          nicolae_vaults_trapezoid_lopsided_1, nicolae_vaults_tetromino_L_1,
          layout_vaults_chaotic_city
Vaults:5: uniq_sojobo
Depths:1: layout_gridlike, grunt_mini_vestibule, minmay_misc_feat_cross,
          minivault_16, minmay_misc_feat_columns, kennysheep_generic_room_16,
          serial_bayou_shore_b
Depths:2: minmay_shoctagon, layout_basic, pan_entry, hangedman_geh_valley,
          enter_trove_5
Depths:3: nzn_winding_woodlands_stair_trap [nzn_winding_woodlands_5x15_garden,
          nzn_winding_woodlands_5x15_twine,
          nzn_winding_woodlands_5x15_river_crossing,
          nzn_winding_woodlands_15x15_five_gardens,
          nzn_winding_woodlands_5x15_eye,
          nzn_winding_woodlands_5x15_pathside_ponds,
          nzn_winding_woodlands_5x15_sidewinder], layout_basic,
          enter_ziggurat_d, nicolae_concentric_dashed_squares_mild, pan_entry,
          nicolae_abyss_entry_one_way_or_another, pf_hell_entry_tar_spiral,
          serial_shops, shop, serial_glass, glass_columns_a, glass_columns_c,
          glass_columns_c, glass_columns_a, glass_columns_c, glass_columns_b,
          glass_columns_a, glass_columns_a, feat_on_display, feat_on_display,
          minmay_strange_pillars, item_on_display_a, lightli_giant_bouncers
Depths:4: grunt_zot_entry_tricorne, layout_basic, hangedman_coc_ice_floe,
          rand_demon_pan_entry_1, abyss_entry, serial_bayou_shore_b
Zot:1:    layout_misc_corridors, uniq_vv
Zot:2:    layout_misc_corridors, uniq_parghit
Zot:3:    layout_gridville, gammafunk_ghost_tricky_traps
Zot:4:    lemuel_halls_of_wrath, layout_onion_interference
Zot:5:    layout_misc_corridors

Skill      XL: |  1  2  3  4  5  6  7  8  9 10 11 12 13 14 15 16 17 18 19 20 21 22 23 24 25 26 27 |
---------------+----------------------------------------------------------------------------------+-----
Long Blades    | 3 4 |  4.1
Polearms       | 3 5 7 9 11 12 14 15 17 18 23 25 | 25.5
Evocations     | 3 8 12 15 | 15.0
Fighting       | 5 8 10 12 14 15 18 19 20 22 | 22.0
Armour         | 5 8 10 13 16 19 20 22 | 22.0
Shields        | 7 10 12 16 20 21 25 27 | 27.0
Axes           | 6 12 13 14 | 14.2
Dodging        | 6 8 16 | 16.8
Short Blades   | |  0.2

Action                     |  1- 3 |  4- 6 |  7- 9 | 10-12 | 13-15 | 16-18 | 19-21 | 22-24 | 25-27 || total
---------------------------+-------+-------+-------+-------+-------+-------+-------+-------+-------++-------
  Melee: Long sword        |    61 |     1 |       |       |       |       |       |       |       ||    62
         Unarmed           |     2 |       |       |       |       |       |       |       |       ||     2
         Trishula          |       |    81 |   191 |   464 |  1185 |  1853 |  2016 |  2083 |  2999 || 10872
         Short sword       |       |     3 |       |       |       |       |       |       |       ||     3
         Punch             |       |       |       |     2 |       |       |       |       |       ||     2
 Invoke: Serpent's Lash    |       |       |       |       |       |     3 |     1 |     4 |     3 ||    11
         Heavenly Storm    |       |       |       |       |       |     1 |       |       |     1 ||     2
Ability: Dig               |       |     1 |     4 |     2 |     3 |     2 |     2 |     2 |    17 ||    33
         Whirlwind         |       |       |       |     2 |   181 |   415 |   543 |   384 |   407 ||  1932
         Lunge             |       |       |       |     1 |    10 |    30 |    71 |    55 |    41 ||   208
         Wall Jump         |       |       |       |       |     5 |     9 |    17 |     6 |     7 ||    44
  Evoke: Wand              |       |       |       |    10 |       |       |       |       |       ||    10
         Box of beasts     |       |       |       |       |       |     1 |     1 |     1 |     3 ||     6
         Phantom mirror    |       |       |       |       |       |     1 |       |       |     4 ||     5
         Lightning rod     |       |       |       |       |       |       |     4 |       |       ||     4
         Phial of floods   |       |       |       |       |       |       |       |     1 |       ||     1
         Tin of tremorston |       |       |       |       |       |       |       |     1 |       ||     1
    Use: Potion            |     1 |       |       |     3 |       |     3 |     4 |    14 |    21 ||    46
         Scroll            |       |     5 |     1 |     9 |     8 |     8 |     2 |     6 |    27 ||    66
   Stab: Distracted        |       |       |       |       |       |     1 |       |       |       ||     1
 Armour: Scale mail        |    26 |       |       |       |       |       |       |       |       ||    26
         Chain mail        |       |    20 |    42 |   132 |   269 |     9 |       |       |       ||   472
         Crystal plate arm |       |       |       |       |       |  1089 |   589 |   503 |   732 ||  2913
  Dodge: Dodged            |    38 |    29 |    59 |   119 |   312 |   434 |   375 |   228 |   413 ||  2007
  Block: Buckler           |    23 |    13 |    18 |     6 |       |       |       |       |       ||    60
         Tower shield      |       |       |       |   240 |       |   608 |  1254 |  1037 |  1702 ||  4841
         Kite shield       |       |       |       |    11 |   518 |   606 |       |       |       ||  1135

Table legend: (Time is in decaauts)
 A = Elapsed time spent in this place.
 B = Non-inter-level travel time spent in this place.
 C = Inter-level travel time spent in this place.
 D = Time resting spent in this place.
 E = Time spent auto-exploring this place.
 F = Levels seen in this place.
 G = Mean time per level.
                   A        B        C        D        E       F      G
               +--------+--------+--------+--------+--------+-----+--------+
         Total |  59106 |  54528 |   4578 |  10325 |  29693 |  50 | 1182.1 |
       Dungeon |  15346 |  14025 |   1321 |   1867 |   9268 |  15 | 1023.1 |
        Temple |      1 |      1 |      0 |      0 |      0 |   1 |    1.0 |
          Lair |   6129 |   5749 |    380 |   1224 |   3421 |   5 | 1225.8 |
        Shoals |   5402 |   5208 |    194 |   1442 |   2531 |   4 | 1350.5 |
   Spider Nest |   4626 |   4378 |    248 |   1094 |   2229 |   4 | 1156.5 |
  Orcish Mines |   2335 |   2127 |    208 |    772 |    813 |   2 | 1167.5 |
   Elven Halls |   3339 |   3109 |    230 |    249 |   1722 |   3 | 1113.0 |
        Vaults |   8236 |   7456 |    780 |    642 |   4319 |   5 | 1647.2 |
        Depths |   5984 |   5375 |    609 |    993 |   2973 |   4 | 1496.0 |
           Zot |   7435 |   6829 |    606 |   1967 |   2347 |   5 | 1487.0 |
         Abyss |     62 |     62 |      0 |      0 |      8 |   1 |   62.0 |
         Sewer |    205 |    205 |      0 |     73 |     62 |   1 |  205.0 |
               +--------+--------+--------+--------+--------+-----+--------+

Top non-repeatable levels by time:
   Zot:5: 2356 daAuts
Spider:3: 2242 daAuts
   Zot:4: 2108 daAuts
Vaults:5: 1907 daAuts
     D:4: 1768 daAuts
Depths:3: 1678 daAuts
Vaults:3: 1649 daAuts
Depths:4: 1643 daAuts
Vaults:4: 1642 daAuts
Shoals:3: 1639 daAuts
    D:11: 1551 daAuts
Vaults:2: 1546 daAuts
  Lair:5: 1545 daAuts
   Elf:3: 1544 daAuts
Vaults:1: 1490 daAuts
